 Dungeon Crawl Stone Soup version 0.28.0-45-g0d030f2227 (webtiles) character file.

Game seed: 15910822747813474706

7683 seaoflcl the Blocker (level 11, -2/85 HPs)
             Began as a Human Fighter on Apr 12, 2022.
             Was an Initiate of the Shining One.
             Slain by a cane toad (16 damage)
             ... on level 8 of the Dungeon.
             The game lasted 00:27:49 (13379 turns).

seaoflcl the Blocker (Human Fighter)               Turns: 13379, Time: 00:27:50

Health: -2/85      AC: 20    Str: 21    XL:     11   Next: 41%
Magic:  0/11       EV:  6    Int:  9    God:    the Shining One [......]
Gold:   508        SH: 11    Dex: 17    Spells: 10/10 levels left

rFire   . . .      SeeInvis .   a - +6 falchion (holy)
rCold   . . .      Faith    .   n - +0 kite shield
rNeg    . . .      Spirit   +   d - +3 plate armour of New Discoveries {-Tele Dex+5}
rPois   +          Reflect  .   x - +0 helmet
rElec   .          Harm     .   B - +0 cloak
rCorr   .          Rampage  .   I - +0 pair of gloves
Will    +....      NoTele   +   (no boots)
Stlth   ..........              y - amulet of guardian spirit
HPRegen 0.24/turn               f - ring of willpower
MPRegen 0.12/turn               s - ring of poison resistance

@: glowing
A: no striking features
a: Renounce Religion


You were on level 8 of the Dungeon.
You worshipped the Shining One.
The Shining One was noncommittal.
You visited 3 branches of the dungeon, and saw 11 of its levels.
You also visited: Sewer.

You collected 508 gold pieces.

Inventory:

Hand Weapons
 a - a +6 falchion of holy wrath (weapon)
 b - a +2 hunting sling of flaming
 E - a +5 dagger
 K - a +3 mace
Missiles
 p - 71 sling bullets
Armour
 d - the +3 plate armour of New Discoveries (worn) {-Tele Dex+5}
   (You found it in a sewer)

   Dex:       It affects your dexterity (+5).
   -Tele:     It prevents most forms of teleportation.
 n - a +0 kite shield (worn)
 x - a +0 helmet (worn)
 B - a +0 cloak (worn)
 I - a +0 pair of gloves (worn)
 J - +0 acid dragon scales
Jewellery
 f - a ring of willpower (left hand)
 s - a ring of poison resistance (right hand)
 y - an amulet of guardian spirit (around neck)
Wands
 c - a wand of mindburst (2)
 F - a wand of iceblast (13)
Scrolls
 g - 3 scrolls of teleportation
 h - a scroll of holy word {unknown}
 j - 2 scrolls of immolation {unknown}
 k - a scroll of enchant armour {unknown}
 l - a scroll of brand weapon {unknown}
 q - a scroll of amnesia
 r - a scroll of fear {unknown}
 u - a scroll of magic mapping {unknown}
 w - 2 scrolls of vulnerability {unknown}
 A - a scroll of blinking {unknown}
 D - a scroll of silence {unknown}
 G - a scroll of summoning {unknown}
Potions
 e - 6 potions of attraction
 o - 2 potions of resistance {unknown}
 v - 5 potions of curing
 z - 3 potions of brilliance {unknown}
 C - a potion of mutation {unknown}
 H - a potion of lignification {unknown}
 L - a potion of ambrosia


   Skills:
 + Level 7.6 Fighting
 + Level 8.4(9.3) Short Blades
 + Level 5.8(7.9) Long Blades
 + Level 0.1 Throwing
 + Level 8.4 Armour
 + Level 2.3 Dodging
 + Level 1.2 Stealth
 + Level 8.8 Shields
 + Level 0.3 Evocations


You had 10 spell levels left.
You didn't know any spells.
Your spell library contained the following spells:

 Spells                   Type           Power      Damage    Failure   Level
 Foxfire                  Conj/Fire      0%         2x1d4     100%        1
 Shock                    Conj/Air       0%         1d3       100%        1
 Sting                    Tmut/Pois      0%         1d3       100%        1
 Summon Small Mammal      Summ           0%         N/A       100%        1
 Poisonous Vapours        Pois/Air       0%         N/A       100%        2
 Scorch                   Fire           0%         2d5       100%        2
 Conjure Flame            Conj/Fire      0%         6-21      100%        3
 Dazzling Flash           Conj/Hex       0%         N/A       100%        3
 Inner Flame              Hex/Fire       0%         N/A       100%        3
 Swiftness                Air            0%         N/A       100%        3
 Airstrike                Air            0%         N/A       100%        4
 Flame Wave               Conj/Fire      0%         2d4       100%        4
 Olgreb's Toxic Radiance  Pois           0%         N/A       100%        4
 Agony                    Necr           0%         N/A       100%        5
 Silence                  Hex/Air        0%         N/A       100%        5
 Summon Cactus Giant      Summ           0%         N/A       100%        6
 Malign Gateway           Summ/Tloc      0%         N/A       100%        7
 Ignition                 Fire           0%         3d3       100%        8
 Summon Horrible Things   Summ           0%         N/A       100%        8
 Dragon's Call            Summ           0%         N/A       100%        9


Dungeon Overview and Level Annotations

Branches:
Dungeon (9/15)             Temple (1/1) D:4            Lair (1/6) D:8
  Sewer (visited)
    Orc: D:9-12

Altars:
Ashenzari
Cheibriados
Dithmenos
Elyvilon
Fedhas
Gozag
Hepliaklqana
Kikubaaqudgha
Makhleb
Nemelex Xobeh
Okawaru
Qazlal
Ru
Sif Muna
Trog
Uskayaw
Vehumet
Wu Jian
Xom
Yredelemnul
Zin
The Shining One
Beogh

Shops:
D:8 *

Annotations:
D:7 1 transporter
D:9 2 transporters, issech's ghost, novice TrMo


Message History

You barely miss the cane toad.
The cane toad is heavily wounded.
You feel very sick. The cane toad stings you!
You completely miss the cane toad.
The cane toad is heavily wounded.
You feel very sick. You block the cane toad's attack.
You barely miss the cane toad.
The cane toad is heavily wounded.
You feel very sick.
The cane toad stings you but does no damage. x2
You barely miss the cane toad.
The cane toad is heavily wounded.
You feel sick. The cane toad barely misses you.
You slash the cane toad!
The cane toad is severely wounded.
You feel sick. The cane toad stings you!
* * * LOW HITPOINT WARNING * * *
You closely miss the cane toad.
The cane toad is severely wounded.
You feel sick. The cane toad stings you!
* * * LOW HITPOINT WARNING * * *
You feel much better.
You feel sick. You block the cane toad's attack. The cane toad stings you.
* * * LOW HITPOINT WARNING * * *
You hit the cane toad.
The cane toad is severely wounded.
You feel sick. The cane toad stings you.
* * * LOW HITPOINT WARNING * * *
You feel better. You block the cane toad's attack.
You barely miss the cane toad.
The cane toad is severely wounded.
The cane toad stings you.
* * * LOW HITPOINT WARNING * * *
You block the cane toad's attack.
You climb upwards.
Welcome back to the Dungeon!
There is a staircase to the Lair here.
The cane toad stings you!!
You die...

### ### #.############
# #.###..##......).#
####.........#..#####
.##.............# #.#
#.............#.###.##
......#...###..###'..#
..#.###...##..#.@F####
.#.## ##.########.#
.### ##.# #...# ## ###
#####


You could see a cane toad.

Vanquished Creatures
  Joseph (D:7)
  A cane toad (D:8)
  2 komodo dragons (D:8)
  A hornet (D:8)
  Prince Ribbit (D:9)
  3 wyverns
  4 yaks (D:9)
  A steam dragon (D:8)
  4 water moccasins
  An acid dragon (D:8)
  5 orc warriors
  4 sky beasts
  2 black bears
  A necrophage (D:7)
  3 ogres
  A centaur (D:7)
  A phantom (D:7)
  2 kobold brigands
  A gnoll sergeant (D:9)
  5 bullfrogs
  2 scorpions
  A wyvern zombie (D:7)
  2 water moccasin skeletons
  12 killer bees
  9 wights
  2 howler monkeys
  4 centaur zombies
  A hound (D:5)
  10 orc priests
  A bullfrog skeleton (D:7)
  An iguana (D:6)
  Terence (D:2)
  8 orc wizards
  A scorpion zombie (D:5)
  A killer bee zombie (D:7)
  A hound skeleton (D:5)
  2 howler monkey zombies
  10 gnolls
  6 adders
  2 worms (D:3)
  5 dart slugs
  50 orcs
  5 bats
  12 endoplasms
  12 giant cockroaches
  13 goblins
  4 hobgoblins
  6 jackals
  20 kobolds
  10 quokkas
  18 ball pythons
  14 frilled lizards
  7 rats
297 creatures vanquished.

Notes
Turn   | Place    | Note
-------+----------+-------------------------------------------
     0 | D:1      | seaoflcl the Human Fighter began the quest for the Orb.
     0 | D:1      | Reached XP level 1. HP: 18/18 MP: 1/1
    54 | D:1      | Reached XP level 2. HP: 19/24 MP: 2/2
   485 | D:1      | Found an iron altar of Okawaru.
   488 | D:1      | Reached XP level 3. HP: 29/29 MP: 3/3
   742 | D:1      | Got the Tome of Scorching Summoning
  1558 | D:2      | Noticed Terence
  1581 | D:2      | Killed Terence
  1582 | D:2      | Reached XP level 4. HP: 35/35 MP: 4/4
  2233 | D:3      | Reached XP level 5. HP: 31/42 MP: 5/5
  2302 | D:3      | Found a glowing drain.
  2317 | Sewer    | Entered a sewer
  2358 | Sewer    | Reached skill level 1 in Short Blades
  2576 | Sewer    | Reached skill level 1 in Dodging
  2704 | Sewer    | Noticed a bullfrog
  2715 | Sewer    | Killed a bullfrog
  2716 | Sewer    | Reached XP level 6. HP: 26/48 MP: 6/6
  2934 | Sewer    | Identified the +3 plate armour of New Discoveries {-Tele
                  | Dex+5}
  3605 | D:4      | Found a staircase to the Ecumenical Temple.
  3612 | D:4      | Reached XP level 7. HP: 54/54 MP: 7/7
  4115 | D:4      | Reached skill level 5 in Shields
  4644 | D:5      | Entered Level 5 of the Dungeon
  4670 | D:5      | Noticed a water moccasin
  4689 | D:5      | Killed a water moccasin
  4690 | D:5      | Reached skill level 5 in Fighting
  4690 | D:5      | Reached XP level 8. HP: 40/62 MP: 8/8
  5642 | D:6      | Reached skill level 1 in Stealth
  5755 | D:6      | Reached skill level 5 in Armour
  5842 | D:6      | Reached skill level 5 in Short Blades
  5903 | D:6      | Reached XP level 9. HP: 57/69 MP: 7/9
  7235 | D:7      | Found an ancient bone altar of Kikubaaqudgha.
  7370 | D:7      | Noticed Joseph
  7431 | D:7      | Killed Joseph
  7432 | D:7      | Reached XP level 10. HP: 33/76 MP: 2/10
  8287 | D:7      | Found a sparkling altar of Nemelex Xobeh.
  8287 | D:7      | Found a transporter.
  8287 | D:7      | Noticed a wizard
  8289 | D:7      | Noticed a gargoyle
  8319 | D:7      | Found a runed translucent door.
  8775 | D:8      | Identified the +3 leather armour of the Gate {rElec rPois
                  | rCorr MP-9}
  9795 | D:8      | Found Ecocos's General Store.
  9909 | D:8      | Noticed a komodo dragon
 10382 | D:9      | Found a transporter.
 10413 | D:9      | Found a transporter.
 10422 | D:9      | Noticed issech's ghost (novice TrMo)
 10661 | D:9      | Reached XP level 11. HP: 66/84 MP: 11/11
 11125 | D:9      | Noticed Prince Ribbit
 11145 | D:9      | Killed Prince Ribbit
 11392 | D:9      | Found a blossoming altar of Fedhas.
 11591 | D:9      | Found an ornate altar of the Wu Jian Council.
 11837 | D:8      | Reached skill level 5 in Long Blades
 12481 | D:8      | Found a staircase to the Lair.
 12909 | Temple   | Entered the Ecumenical Temple
 13106 | Temple   | Became a worshipper of the Shining One
 13296 | Lair:1   | Entered Level 1 of the Lair of Beasts
 13372 | Lair:1   | HP: 4/85 [cane toad (9)]
 13379 | D:8      | Slain by a cane toad

Illustrated notes

Levels and vault maps discovered:
D:1:      shiori_arrival_maze, layout_basic, minmay_misc_feat_tiny,
          minmay_hexomino_r4
D:2:      layout_loops_ring, serial_aquarium, aquarium_bridge_square
          [aquarium_subvault_bridge, aquarium_subvault_wall,
          aquarium_subvault_window, aquarium_subvault_bridge],
          aquarium_window_corner, aquarium_window_2, aquarium_view_2a,
          aquarium_view_2c, aquarium_pool_corner, grunt_ministairs_14,
          uniq_terence
D:3:      layout_basic, portal_sewer_entry_a, hangedman_decor_points
D:4:      layout_loops_ring, minmay_temple_entry_offerings
D:5:      layout_basic
D:6:      layout_loops_corners, eino_tiny_chamber, minmay_ogre_servants
D:7:      layout_rooms, nicolae_kikubaaqudgha_miasma_corner,
          grunt_nemelex_the_gamble, lightli_church_of_beogh, uniq_joseph
D:8:      layout_basic, erik_lair_dragon, special_room [special_room_orc],
          serial_shops, kennysheep_mini
D:9:      layout_roguey, fedhas_ov_isle_minmay, lemuel_tele_altar,
          gammafunk_ghost_hive, uniq_prince_ribbit1
Temple:   regret_index_temple_mists
Lair:1:   layout_roguey

Skill      XL: |  1  2  3  4  5  6  7  8  9 10 11 |
---------------+----------------------------------+-----
Short Blades   | 1 2 3 5 7 8 |  8.4
Dodging        | 1 2 |  2.3
Fighting       | 4 5 6 7 |  7.6
Shields        | 4 5 6 8 |  8.8
Armour         | 4 5 6 7 8 |  8.4
Stealth        | 1 |  1.2
Long Blades    | 3 5 |  5.8
Throwing       | |  0.1
Evocations     | |  0.3

Action                   |  1- 3 |  4- 6 |  7- 9 | 10-12 || total
-------------------------+-------+-------+-------+-------++-------
Melee: Long sword        |   115 |       |       |       ||   115
       Short sword       |    29 |   291 |   233 |       ||   553
       Dagger            |       |       |   220 |   431 ||   651
       Falchion          |       |       |       |   243 ||   243
 Fire: Hunting sling     |       |       |       |     2 ||     2
Throw: Throwing net      |       |       |     2 |       ||     2
Evoke: Wand              |       |       |     2 |     1 ||     3
  Use: Potion            |     2 |     1 |     1 |     8 ||    12
       Scroll            |       |       |     5 |     5 ||    10
Armor: Scale mail        |    59 |    82 |       |       ||   141
       Plate armour      |       |    37 |   191 |   333 ||   561
Dodge: Dodged            |    59 |    73 |    59 |   149 ||   340
Block: Buckler           |    32 |       |       |       ||    32
       Kite shield       |    17 |   126 |   162 |   405 ||   710
